Description

This is a macro oriented Build Order.

You start with a standard gate expand and if you see a standard hatch first from your opponent, you had a forge à 20 and you cannon rush the natural expand.

After that, simply expand and start playing a macro game. You have to had a really fast robo because the standard counter to a cannon rush is a fast roach playstyle. With a fast robo, you will be able to hold them without any problem (and it's great vs Nydus too).

VOD

https://youtu.be/wDKv2pqbpHg

Replay - Gredu v zuka - Acropolis LE

Build Order

Get SALT Encoding   

  12  0:00  Probe  
  13  0:13  Probe  
  14  0:20  Pylon  
  14  0:21  Probe  
  15  0:34  Probe  
  15  0:42  Gateway  
  16  0:46  Probe  
  17  0:56  Assimilator  
  17  0:58  Probe  
  18  1:08  Forge  
  18  1:11  Probe  
  19  1:29  Pylon x2  
  19  1:42  Pylon x2  
  19  1:52  Photon Cannon x2  
  19  2:02  Probe  
  20  2:12  Cybernetics Core  
  20  2:15  Nexus  
  20  2:22  Probe  
  21  2:25  Assimilator  
  21  2:34  Probe  
  22  2:48  Stalker  
  23  2:56  Robotics Facility  
  27  3:20  Shield Battery, Stalker  
  30  3:29  Warp Gate  
  30  3:38  Immortal  
  40  4:17  Warp Prism  
  44  4:53  Immortal  
  48  5:02  Forge  
  48  5:03  Nexus  
  48  5:06  Assimilator  
  51  5:15  Protoss Ground Weapons Level 1  
  51  5:19  Twilight Council  
  52  5:25  Assimilator  
  53  5:34  Shield Battery  
  54  5:41  Stargate  
  58  6:00  Immortal  
  58  6:09  Zealot  
  66  6:14  Charge  
  69  6:26  Phoenix  
  77  6:53  Immortal  
  78  6:54  Zealot  
  78  6:56  Gateway x3  
  82  7:06  Gateway  
  89  7:12  Assimilator  
  89  7:16  Gateway  
  89  7:17  Protoss Ground Weapons Level 2  
  92  7:27  Assimilator  
  95  7:42  Templar Archives  
  98  7:46  Stalker  
  98  7:48  Robotics Facility  
  100  7:55  Zealot x2  
  105  8:04  Immortal  
  105  8:06  Zealot x2  
  105  8:10  Stalker  
  105  8:12  Gateway x3  
  117  8:24  Immortal  
  118  8:37  Psionic Storm, Immortal  
  122  8:47  Photon Cannon  
  126  8:56  Observer, Zealot x4  
  137  9:15  High Templar x4  
  137  9:16  Nexus  
  145  9:18  Stalker  
  151  9:25  Stalker  
  151  9:26  Protoss Ground Weapons Level 3  
  151  9:30  Gateway  
  153  9:38  Warp Prism  
  157  9:44  Immortal  
Spawning Tool Build Advisor. Get it on Overwolf

Go to:

Details

  • Created by: zuka      
  • Published on: Jun 29, 2019
  • Patch: 4.7.1
Show
View Real Time Build Order
Export as new Build Order

Comments (0)

There are no comments. Be the first!

Create an account to comment!